 Dungeon Crawl Stone Soup version 0.31-a0-1002-g8e65716e6e (webtiles) character file.

Game seed: 7476571480404248886

4311 Maratek the Skirmisher (level 10, 0/88 HPs)
             Began as a Pale Draconian Hunter on Nov 9, 2023.
             Succumbed to an orc priest's poison
             ... on level 9 of the Dungeon.
             The game lasted 00:20:26 (8589 turns).

Maratek the Skirmisher (Pale Draconian Hunter)      Turns: 8589, Time: 00:20:27

Health: 0/88       AC:  9    Str: 15    XL:     10   Next: 11%
Magic:  0/10       EV: 14    Int: 10    God:
Gold:   1249       SH:  0    Dex: 19    Spells: 9/9 levels left

rFire   x . .        w - +1 arbalest
rCold   + + .        (shield currently unavailable)
rNeg    . . .        (body armour unavailable)
rPois   +            (helmet restricted)
rElec   .            u - scarf "Voytoo" {shadows, rPois}
rCorr   +            j - +0 pair of gloves
SInv    +            d - +0 pair of boots of Yggodez {Str+2}
Will    .....        c - amulet of guardian spirit
Stlth   ++           l - ring "Pimaxon" {rPois rF- rC++ rCorr SInv}
HPRegen 0.34/turn    t - ring of flight
MPRegen 0.12/turn

%: guardian spirit
@: lethally poisoned (0 -> -4), short of breath, flying
A: breathe steam, AC +7, unfitting armour, cold-blooded, steam resistance
a: Breathe Steam


You were on level 9 of the Dungeon.
You visited 1 branch of the dungeon, and saw 9 of its levels.

You collected 1873 gold pieces.
You spent 624 gold pieces at shops.

Inventory:

Hand Weapons
 w - a +1 arbalest (weapon)
Missiles
 v - a throwing net
Armour
 d - the +0 pair of boots of Yggodez (worn) {Str+2}
   (You found it on level 7 of the Dungeon)

   Str+2:     It affects your strength (+2).
 j - a +0 pair of gloves (worn)
 u - the scarf "Voytoo" (worn) {shadows, rPois}
   (You acquired it on level 1 of the Dungeon)

   rPois:     It protects you from poison
Jewellery
 c - an amulet of guardian spirit (around neck)
 l - the ring "Pimaxon" (left hand) {rPois rF- rC++ rCorr SInv}
   (You acquired it on level 3 of the Dungeon)

   [ring of see invisible]

   rF-:       It makes you vulnerable to fire.
   rC++:      It greatly protects you from cold.
   rPois:     It protects you from poison SInv: It lets you see invisible.
   rCorr:     It protects you from acid and corrosion.
 q - a ring of ice
 t - a ring of flight (right hand)
Wands
 m - a wand of paralysis (2)
 p - a wand of polymorph (7)
 s - a wand of digging (4)
Scrolls
 b - a scroll of butterflies
 h - a scroll of identify
 i - 4 scrolls of fog
 n - 3 scrolls of teleportation
Potions
 e - a potion of attraction
 f - a potion of berserk rage
 k - 2 potions of mutation
 o - a potion of brilliance
 r - a potion of magic {unknown}


   Skills:
 + Level 7.9 Fighting
 + Level 11.6 Ranged Weapons
 + Level 4.2 Dodging
 + Level 2.3 Stealth


You had 9 spell levels left.
You didn't know any spells.
Your spell library contained the following spells:

 Spells                   Type           Power      Damage    Failure   Level
 Blink                    Tloc           0%         N/A       50%         2
 Cigotuvi's Dreadful Rot  Necr/Pois/Air  0%         N/A       50%         2
 Lesser Beckoning         Tloc           0%         N/A       50%         2
 Momentum Strike          Conj/Tloc      0%         3d8       50%         2
 Gell's Gravitas          Tloc           0%         N/A       75%         3
 Ignite Poison            Fire/Tmut/Pois 0%         N/A       75%         3
 Summon Guardian Golem    Hex/Summ       0%         N/A       75%         3
 Teleport Other           Tloc           0%         N/A       75%         3
 Freezing Cloud           Conj/Ice/Air   0%         6-21      100%        5
 Dispersal                Tloc           0%         N/A       100%        6
 Haunt                    Necr/Summ      0%         N/A       100%        7
 Orb of Destruction       Conj           0%         9d5       100%        7
 Spellforged Servitor     Conj/Summ      0%         N/A       100%        7
 Borgnjor's Revivificati  Necr           0%         N/A       100%        8
 Death's Door             Necr           0%         N/A       100%        9


Dungeon Overview and Level Annotations

Branches:
Dungeon (9/15)             Temple (0/1) D:4
   Lair: D:8-11         Orc: D:9-12

Altars:
Elyvilon
Fedhas
Vehumet

Shops:
D:1 *

Portals:
Abyss: D:8

Annotations:
D:3 1 runed translucent door, Crazy Yiuf
D:8 1 transporter, Amaemon; Reshi88's ghost, novice TrBe
D:9 2 transporters, exclusion: obsidian statue, zurenarrh's ghost, novice FoEE


Innate Abilities, Weirdness & Mutations

You can breathe blasts of scalding, opaque steam.
Your pale cyan-grey scales are hard. (AC +7)
You cannot fit into any form of body armour.
You are cold-blooded and may be slowed by cold attacks.
You are immune to the effects of steam.


Message History

The orc warrior hits you with a +2 war axe of electrocution!!
You are electrocuted!
You are too injured to fight recklessly!
You are too injured to fight recklessly!
You are too injured to fight recklessly!
Aiming: Breathe Steam (1% risk of failure)
Press: ? - help, Shift-Dir - straight line, f - orc priest, p - orc warrior
Aim: an orc priest, wielding a +2 whip of venom (74% to hit)
You exhale a blast of scalding steam.
The ball of steam hits the orc!
You kill the orc!
The ball of steam hits the orc priest!
The orc priest is heavily wounded.
The orc warrior hits you with a +2 war axe of electrocution!
The orc priest is engulfed in a cloud of scalding steam.
The orc warrior attacks as it pursues you!
The orc warrior hits you with a +2 war axe of electrocution!
* * * LOW HITPOINT WARNING * * *
The orc priest attacks as it pursues you!
The orc priest hits you with a +2 whip of venom.
* * * LOW HITPOINT WARNING * * *
You are poisoned.
The orc warrior attacks as it pursues you!
The orc warrior hits you with a +2 war axe of electrocution!
* * * LOW HITPOINT WARNING * * *
You shoot a bolt.
The bolt closely misses the orc warrior.
* * * LOW HITPOINT WARNING * * *
You feel very sick. The orc priest closely misses you.
The orc warrior hits you with a +2 war axe of electrocution.
* * * LOW HITPOINT WARNING * * *
You shoot a bolt. The bolt hits the orc warrior!
You kill the orc warrior!
* * * LOW HITPOINT WARNING * * *
You feel sick.
The orc priest invokes the aid of Beogh against you.
You struggle to resist.
The orc is engulfed in a cloud of scalding steam.
You kill the orc!
You die...

#.#......#..###.## #.##
#.O#....####..##..###..#
...#...## #..###..##..#
####..## ##..###......
##...# #..#........
###.######.......##..
#........####..###.
#........####.####.
#o@###..###........ #..#
#..# #.≈.≈≈≈≈≈
.....§.)###.## #.≈....§.
'8##.§....))####.≈..≈≈§§
##.....#)).#..≈.≈..§§
#....####)...≈.≈._.≈
#....# #..#.≈.≈§..≈
#..... #..#.≈.≈≈≈≈≈ ..
##.#.≈..§§..


You could see an orc priest.

Vanquished Creatures
  2 two-headed ogres
  An orange demon (D:8)
  Grinder (D:3)
  Sigmund (D:3)
  2 water moccasins (D:7)
  3 orc warriors
  A black bear (D:7)
  3 ogres
  2 centaurs
  A bullfrog (D:9)
  Blork the orc (D:6)
  2 gnoll sergeants
  2 scorpions
  6 howler monkeys
  3 jellies
  3 orc priests
  3 hounds
  2 iguanas
  10 orc wizards
  Natasha (twice) (D:3)
  Robin (D:2)
  2 adders
  14 gnolls
  2 worms (D:2)
  2 dart slugs
  31 orcs
  4 endoplasms
  6 giant cockroaches
  10 goblins
  7 hobgoblins
  4 jackals (D:5)
  8 kobolds
  4 quokkas
  4 ball pythons
  4 bats
  7 rats
161 creatures vanquished.

Notes
Turn   | Place    | Note
-------+----------+-------------------------------------------
     0 | D:1      | Maratek the Draconian Hunter began the quest for the Orb.
     0 | D:1      | Reached XP level 1. HP: 17/17 MP: 1/1
   147 | D:1      | Reached skill level 4 in Ranged Weapons
   147 | D:1      | Reached XP level 2. HP: 21/24 MP: 2/2
   538 | D:1      | Found Tudaimn's General Store.
  1112 | D:2      | Reached XP level 3. HP: 30/30 MP: 3/3
  1423 | D:2      | Noticed Robin
  1451 | D:2      | Killed Robin
  1456 | D:2      | Reached XP level 4. HP: 14/37 MP: 2/4
  2009 | D:2      | Reached skill level 5 in Ranged Weapons
  2009 | D:2      | Reached skill level 1 in Stealth
  2207 | D:3      | Reached XP level 5. HP: 43/45 MP: 5/5
  2283 | D:3      | Noticed Sigmund
  2297 | D:3      | Killed Sigmund
  2298 | D:3      | Reached skill level 6 in Ranged Weapons
  2298 | D:3      | Reached XP level 6. HP: 6/51 MP: 1/6
  2527 | D:3      | Noticed Grinder
  2535 | D:3      | Paralysed by Grinder for 4 turns
  2547 | D:3      | Killed Grinder
  2548 | D:3      | Reached skill level 7 in Ranged Weapons
  2548 | D:3      | Your scales start taking on a pale cyan-grey colour.
  2548 | D:3      | Reached XP level 7. HP: 27/59 MP: 3/7
  2548 | D:3      | Gained mutation: You are immune to the effects of steam.
                  | [Pale Draconian growth]
  2765 | D:3      | Found a runed translucent door.
  2766 | D:3      | Noticed Crazy Yiuf
  2806 | D:3      | Found a radiant altar of Vehumet.
  2877 | D:3      | Noticed Natasha
  2878 | D:3      | Killed Natasha
  2995 | D:3      | Identified a scroll of acquirement
  2997 | D:3      | Acquired the ring "Pimaxon" {rPois rF- rC++ rCorr SInv}
  3175 | D:3      | Noticed Natasha
  3179 | D:3      | Killed Natasha
  3372 | D:4      | Found a staircase to the Ecumenical Temple.
  3967 | D:4      | Identified the +1 ring mail "Xofiv" {Str+2 SInv}
  4013 | D:5      | Entered Level 5 of the Dungeon
  4119 | D:5      | Reached skill level 8 in Ranged Weapons
  4142 | D:5      | Reached XP level 8. HP: 67/67 MP: 8/8
  4529 | D:6      | Reached skill level 5 in Fighting
  4904 | D:6      | Found a white marble altar of Elyvilon.
  5057 | D:6      | Noticed Blork the orc
  5067 | D:6      | Killed Blork the orc
  5275 | D:7      | Identified the +0 pair of boots of Yggodez {Str+2}
  5369 | D:7      | Reached skill level 9 in Ranged Weapons
  6119 | D:8      | Noticed an orange demon
  6129 | D:8      | Killed an orange demon
  6130 | D:8      | Reached XP level 9. HP: 74/75 MP: 7/9
  6155 | D:8      | Found a transporter.
  6416 | D:7      | Acquired 1285 gold pieces
  6545 | D:1      | Bought a scroll of acquirement for 624 gold pieces
  6553 | D:1      | Acquired the scarf "Voytoo" {shadows, rPois}
  6747 | D:7      | Reached skill level 10 in Ranged Weapons
  7388 | D:8      | Noticed Reshi88's ghost (novice TrBe)
  7396 | D:8      | Noticed a two-headed ogre
  7405 | D:8      | Killed a two-headed ogre
  7442 | D:8      | Noticed Amaemon
  7763 | D:8      | Reached skill level 11 in Ranged Weapons
  7777 | D:8      | Found a one-way gate to the infinite horrors of the Abyss.
  7812 | D:8      | Noticed a toenail golem
  7814 | D:8      | Noticed a toenail golem
  7965 | D:9      | Noticed a two-headed ogre
  7975 | D:9      | Killed a two-headed ogre
  7976 | D:9      | Reached XP level 10. HP: 62/88 MP: 6/10
  8283 | D:9      | Found a blossoming altar of Fedhas.
  8429 | D:9      | Found a transporter.
  8432 | D:9      | Found a transporter.
  8432 | D:9      | Noticed zurenarrh's ghost (novice FoEE)
  8433 | D:9      | Noticed a two-headed ogre
  8435 | D:9      | Noticed a two-headed ogre
  8490 | D:9      | Noticed an obsidian statue
  8574 | D:9      | Noticed a two-headed ogre
  8587 | D:9      | HP: 1/88 [orc warrior/+2 war axe of electrocution (5)]
  8589 | D:9      | Succumbed to an orc priest's poison

Illustrated notes

Levels and vault maps discovered:
D:1:      elethiomel_arrival_maze, layout_loops_corners, serial_shops,
          nicolae_shop_statue_plus
D:2:      layout_loops_cross, nicolae_eternal_life, columned_hall_lemuel,
          uniq_robin
D:3:      layout_basic, mainiacjoe_overflow_surrounded_room, serial_bayou,
          serial_bayou_lagoon_b, serial_bayou_crossing, serial_bayou_ford_a,
          serial_bayou_lagoon_a, serial_bayou_pond_c, palyth_stone_intersect,
          chequers_garden, uniq_crazy_yiuf_cottage, uniq_grinder, uniq_sigmund,
          uniq_natasha
D:4:      layout_gridville, minmay_temple_entry_ruins
D:5:      layout_rooms
D:6:      layout_loops_ring, nicolae_elyvilon_temple_path, uniq_blork_the_orc
D:7:      minmay_inner_zag, layout_gridville
D:8:      layout_cave_pools, nicolae_hepliaklqana_hippocampus,
          gammafunk_ghost_abyssal_escape, uniq_amaemon
D:9:      layout_layer_cave, mainiacjoe_overflow_concentric_impassable,
          david_orc_5, gammafunk_ghost_smash, minivault_15,
          minmay_stone_trees_medium, kennysheep_generic_room_8, uniq_jeremiah

Skill      XL: |  1  2  3  4  5  6  7  8  9 |
---------------+----------------------------+-----
Ranged Weapons | 4 5 6 7 8 9 11 | 11.6
Dodging        | 2 3 4 |  4.2
Fighting       | 3 4 6 7 |  7.9
Stealth        | 1 2 |  2.3

Action                     |  1- 3 |  4- 6 |  7- 9 | 10-12 || total
---------------------------+-------+-------+-------+-------++-------
   Fire: Shortbow          |   124 |    97 |   349 |    42 ||   612
         Arbalest          |       |       |       |     9 ||     9
Ability: Breathe Steam     |       |       |    23 |     4 ||    27
    Use: Scroll            |     3 |     2 |    17 |     1 ||    23
         Potion            |       |       |     4 |       ||     4
 Armour: Skin              |    50 |    37 |   160 |    18 ||   265
  Dodge: Dodged            |    58 |    21 |   117 |     9 ||   205

Table legend: (Time is in decaauts)
 A = Elapsed time spent in this place.
 B = Non-inter-level travel time spent in this place.
 C = Inter-level travel time spent in this place.
 D = Time resting spent in this place.
 E = Time spent auto-exploring this place.
 F = Levels seen in this place.
 G = Mean time per level.
                   A        B        C        D        E       F      G
               +--------+--------+--------+--------+--------+-----+--------+
         Total |   8641 |   7883 |    758 |   1023 |   5654 |   9 |  960.1 |
       Dungeon |   8641 |   7883 |    758 |   1023 |   5654 |   9 |  960.1 |
               +--------+--------+--------+--------+--------+-----+--------+

Top non-repeatable levels by time:
     D:7: 1790 daAuts
     D:3: 1279 daAuts
     D:1: 1166 daAuts
     D:2: 1006 daAuts
     D:6: 890 daAuts
     D:4: 853 daAuts
     D:9: 663 daAuts
     D:8: 555 daAuts
     D:5: 435 daAuts
